Map: Vigília Leste LE

Players

ZERATUL

  • Race: Protoss Protoss
  • League: Silver
  • Spawn Location: 1:00

IagoAbreu - Winner!

  • Race: Zerg Zerg
  • League: Gold
  • Spawn Location: 7:00

VOD

Have the link to the VOD?

Description

Time

  • Played on: April 10, 2018, 3:04 p.m.
  • Length: 16:33
Show
View Real Time Build Order
Export as new Build Order

ZERATUL Protoss 

Build Orders:  

Get SALT Encoding   

  12  0:01  Probe  
  13  0:14  Pylon  
  13  0:20  Probe  
  14  0:35  Gateway  
  14  0:36  Probe (Chrono Boost)  
  15  0:47  Probe (Chrono Boost)  
  16  0:52  Probe (Chrono Boost)  
  17  1:18  Pylon  
  17  1:23  Zealot  
  18  1:49  Cybernetics Core  
  18  1:56  Assimilator  
  18  1:57  Zealot  
  20  2:02  Pylon  
  20  2:11  Pylon  
  20  2:14  Gateway  
  20  2:16  Probe (Chrono Boost)  
  21  2:25  Probe (Chrono Boost)  
  22  2:30  Probe (Chrono Boost)  
  22  2:33  Assimilator  
  23  2:46  Pylon  
  23  2:51  Probe (Chrono Boost)  
  24  2:58  Stalker  
  26  3:00  Probe (Chrono Boost)  
  26  3:05  Probe (Chrono Boost)  
  28  3:17  Probe  
  29  3:20  Gateway  
  29  3:35  Shield Battery  
  29  3:36  Shield Battery  
  29  3:38  Warp Gate (Chrono Boost)  
  29  4:01  Forge  
  29  4:27  Sentry  
  33  4:32  Stalker  
  33  4:33  Stalker  
  35  4:38  Protoss Shields Level 1 (Chrono Boost)  
  35  5:07  Pylon  
  35  5:10  Pylon  
  35  5:37  Robotics Facility  
  35  6:14  Zealot  
  35  6:15  Zealot  
  35  6:16  Stalker  
  23  6:24  Probe (Chrono Boost)  
  19  6:34  Observer (Chrono Boost), Probe (Chrono Boost)  
  19  6:38  Probe (Chrono Boost)  
  21  6:48  Observer (Chrono Boost)  
  21  6:50  Probe  
  23  7:02  Probe  
  23  7:06  Zealot x2, Sentry  
  30  7:13  Observer  
  31  7:15  Probe (Chrono Boost)  
  31  7:21  Observer  
  32  7:25  Probe (Chrono Boost)  
  33  7:30  Probe (Chrono Boost)  
  34  7:42  Probe  
  35  7:54  Probe  
  36  8:02  Stalker  
  36  8:03  Stalker x2  
  42  8:07  Probe (Chrono Boost)  
  43  8:18  Observer  
  43  8:19  Probe (Chrono Boost)  
  44  8:26  Observer  
  45  8:27  Probe (Chrono Boost)  
  45  8:33  Probe  
  46  8:45  Probe  
  47  9:00  Observer  
  47  9:01  Nexus  
  47  9:04  Stalker x2  
  47  9:06  Sentry  
  53  9:49  Forge  
  53  9:57  Probe  
  54  10:09  Probe  
  56  10:22  Probe (Chrono Boost)  
  56  10:26  Probe (Chrono Boost)  
  57  10:30  Pylon  
  57  10:32  Pylon, Probe (Chrono Boost)  
  57  10:35  Probe (Chrono Boost)  
  59  10:37  Probe (Chrono Boost)  
  60  10:45  Probe  
  60  10:48  Probe  
  62  10:53  Protoss Ground Weapons Level 1 (Chrono Boost)  
  62  10:54  Protoss Ground Armor Level 1 (Chrono Boost)  
  62  11:01  Probe  
  55  11:19  Zealot x2  
  36  11:51  Adept  
  36  11:52  Adept x2  
  34  12:15  Sentry x3  
Show
View Real Time Build Order
Export as new Build Order

IagoAbreu Zerg - Winner!

Build Orders: Pool First, Swarm Host 

Get SALT Encoding   

  12  0:01  Drone  
  13  0:23  Spawning Pool  
  13  0:26  Drone  
  13  0:33  Drone  
  14  0:41  Overlord  
  14  0:47  Extractor  
  14  0:49  Drone  
  14  0:55  Evolution Chamber  
  14  0:57  Drone  
  14  1:05  Drone  
  14  1:10  Zergling x2  
  16  1:19  Queen  
  16  1:23  Extractor  
  17  1:26  Drone  
  18  1:36  Zergling x2  
  19  1:49  Drone  
  20  1:55  Drone  
  21  2:12  Hatchery  
  21  2:15  Overlord  
  20  2:32  Drone x2  
  20  2:34  Drone  
  21  3:09  Lair  
  21  3:15  Zergling x12  
  27  3:24  Zerg Melee Weapons Level 1  
  27  3:29  Metabolic Boost  
  27  3:42  Queen  
  29  3:54  Drone  
  29  3:55  Drone x2  
  32  3:56  Zergling x2  
  32  3:59  Zergling x2  
  34  4:06  Drone x2  
  36  4:14  Overlord  
  36  4:33  Drone x3  
  39  4:55  Zergling x8  
  39  4:56  Zergling x2  
  39  4:58  Overlord x2  
  44  5:24  Zerg Melee Weapons Level 2  
  44  5:39  Drone x2  
  44  5:40  Drone x4  
  43  6:14  Zergling x8  
  43  6:15  Zergling x4  
  43  6:37  Zergling x2  
  43  6:38  Zergling x6  
  47  6:42  Hatchery x2  
  45  6:56  Pneumatized Carapace  
  45  7:11  Queen  
  47  7:20  Spire  
  46  7:29  Infestation Pit  
  45  7:32  Zergling x6  
  45  7:33  Zergling x10  
  53  7:43  Zergling x10  
  53  7:44  Zergling x2  
  59  7:52  Extractor  
  59  7:54  Extractor  
  59  7:56  Queen  
  59  8:52  Drone x3  
  59  8:54  Drone  
  59  8:55  Drone x5  
  68  9:12  Mutalisk x2  
  68  9:14  Overlord x4  
  68  9:15  Overlord x5  
  68  9:16  Overlord x2  
  72  9:46  Mutalisk x6  
  72  9:47  Mutalisk x5  
  72  9:48  Swarm Host x5  
  109  9:54  Zergling x2, Swarm Host  
  109  9:55  Zergling x2  
  114  10:12  Overseer  
  114  10:29  Swarm Host x2  
  114  10:33  Zergling x6  
  114  10:34  Zergling x14  
  114  10:35  Zergling x8  
  105  11:59  Overlord x2  
  101  12:28  Swarm Host x3  
  101  12:29  Mutalisk x2  
  106  12:30  Mutalisk x7  
  106  12:31  Mutalisk  
  106  12:34  Zerg Flyer Weapons Level 1  
  126  12:59  Overseer  
  126  13:00  Overseer  
  126  14:44  Zergling x4  
  126  14:45  Zergling x14  
  126  14:46  Zergling x12  
  126  14:47  Zergling x12  
  126  14:48  Zergling x12  
  126  14:49  Zergling x10  
Tags
 
Add a new tag
Caveats
  • Supply blocks, unpowered buildings, or Contaminate may cause inaccurate times.
  • Supply counts are checked every 10 seconds.